 Dungeon Crawl Stone Soup version 0.26-a0-672-g1df16c3386 (webtiles) character file.

Game seed: 12639035111801607835

886 strifetoe the Conjurer (level 7, -2/63 HPs)
             Began as a Palentonga Hedge Wizard on Oct 20, 2020.
             Was an Initiate of Okawaru.
             Slain by an iguana (13 damage)
             ... on level 5 of the Dungeon.
             The game lasted 00:11:40 (7006 turns).

strifetoe the Conjurer (Palentonga Hedge Wizard)    Turns: 7006, Time: 00:11:41

Health: -2/63      AC:  5    Str: 15    XL:     7   Next: 76%
Magic:  11/11      EV: 10    Int: 15    God:    Okawaru [......]
Gold:   285        SH:  0    Dex:  9    Spells: 1/12 levels left

rFire    . . .     SeeInvis +   k - +0 dagger (elec)
rCold    . . .     Faith    .   (no shield)
rNeg     + . .     Spirit   .   r - +0 robe {rN+}
rPois    .         Reflect  .   c - +0 hat
rElec    .         Harm     .   q - +0 cloak
rCorr    .         Rampage  .   (no gloves)
MR       .....                  (no barding)
Stlth    ++........             h - amulet of the acrobat
HPRegen  0.20/turn              a - ring of stealth
MPRegen  0.12/turn              (no ring)

@: no status effects
A: large, rugged brown scales 3, see invisible, deformed body, roll, armoured
tail
a: Rolling Charge, Renounce Religion


You were on level 5 of the Dungeon.
You worshipped Okawaru.
Okawaru was noncommittal.
You visited 2 branches of the dungeon, and saw 6 of its levels.

You collected 285 gold pieces.

Inventory:

Hand Weapons
 k - a +0 dagger of electrocution (weapon)
 p - a +3 quarterstaff of chaos
 s - a +2 dagger of venom
Armour
 b - a +0 robe
 c - a +0 hat (worn)
 q - a +0 cloak (worn)
 r - a +0 robe of positive energy (worn)
Jewellery
 a - a ring of stealth (left hand)
 g - an uncursed ring of see invisible {unknown}
 h - an amulet of the acrobat (around neck)
Wands
 e - a wand of disintegration (8)
 m - a wand of acid (6)
 u - a wand of flame (13)
Scrolls
 i - a scroll of remove curse
 j - 2 scrolls of identify
 l - 3 scrolls of teleportation
 n - 2 scrolls of magic mapping {unknown}
 v - a scroll of enchant weapon {unknown}
Potions
 d - 2 potions of curing
 f - a potion of heal wounds
 o - 2 potions of ambrosia
 t - a potion of lignification {unknown}
 w - 2 potions of haste
 x - 2 potions of flight {unknown}


   Skills:
 - Level 4.0 Fighting
 - Level 1.5 Dodging
 - Level 1.2 Stealth
 + Level 3.2 Spellcasting
 - Level 5.2 Conjurations
 - Level 1.1 Summonings
 - Level 1.0 Translocations
 - Level 2.6 Air Magic
 - Level 2.3 Poison Magic


You had one spell level left.
You knew the following spells:

 Your Spells              Type           Power        Failure   Level
a - Magic Dart            Conj           ###.         2%          1
b - Call Imp              Summ           #.......     19%         2
c - Mephitic Cloud        Conj/Pois/Air  ##......     14%         3
d - Blink                 Tloc           N/A          21%         2
e - Conjure Flame         Conj/Fire      ##......     21%         3

Your spell library contained the following spells:

 Spells                   Type           Power        Failure   Level
 Slow                     Hex            #.......     30%         2


Dungeon Overview and Level Annotations

Branches:
Dungeon (5/15)             Temple (1/1) D:4

Altars:
Ashenzari
Cheibriados
Fedhas
Gozag
Hepliaklqana
Kikubaaqudgha
Makhleb
Nemelex Xobeh
Okawaru
Qazlal
Ru
Sif Muna
Trog
Uskayaw
Vehumet
Wu Jian
Xom
Yredelemnul
Zin
The Shining One

Annotations:
D:3 exclusion: downstairs


Innate Abilities, Weirdness & Mutations

You are completely covered in rugged brown scales. (AC +3, +7% HP)
You have supernaturally acute eyesight. (SInv)
Armour fits poorly on your strangely shaped body.
You can roll at foes to attack.
You have a long armoured tail.


Message History

You are too injured to fight recklessly!
You are too injured to fight recklessly!
You are too injured to fight recklessly!
You are too injured to fight recklessly!
You are too injured to fight recklessly!
Unknown command.
You hit the iguana.
The iguana is severely wounded.
The iguana barely misses you.
You hit the iguana but do no damage.
The iguana is severely wounded.
The iguana closely misses you.
You hit the iguana but do no damage.
The iguana is severely wounded.
The iguana bites you!
* * * LOW HITPOINT WARNING * * *
You closely miss the iguana.
The iguana is severely wounded.
The iguana bites you!
You die...

# #
............#
#
...........#
# ..........#
# .........#
# #........#
######
#........#
.....#
#...l....#
.....#
#..@$....#
.....#
#........#
.....#
#........#
.....#
#........#
.....#
#........#
.....#
#........#
.....#
#........#
.....#
+........#
.....#
#>.......#


You could see an iguana.

Vanquished Creatures
  Sigmund (D:3)
  2 ogres (D:4)
  2 orc priests
  A bullfrog skeleton (D:4)
  A hound (D:5)
  An orc wizard (D:4)
  Crazy Yiuf (D:2)
  An iguana (D:4)
  3 worker ants
  Robin (D:3)
  4 gnolls
  5 adders
  A shadow imp (D:2)
  A white imp (D:4)
  An ooze (D:4)
  An adder skeleton (D:4)
  2 worms
  3 dart slugs
  6 leopard geckos
  15 orcs
  A ball python (D:4)
  4 giant cockroaches
  7 hobgoblins
  10 jackals
  2 quokkas
  7 bats
  3 frilled lizards
  14 goblins
  A jackal skeleton (D:4)
  6 kobolds
  6 rats
114 creatures vanquished.

Vanquished Creatures (collateral kills)
  An ice beast (D:4)
  An orc priest (D:5)
  3 orcs
5 creatures vanquished.

Grand Total: 119 creatures vanquished

Notes
Turn   | Place    | Note
-------+----------+-------------------------------------------
     0 | D:1      | strifetoe the Palentonga Hedge Wizard began the quest for
                  | the Orb.
     0 | D:1      | Reached XP level 1. HP: 14/14 MP: 4/4
    27 | D:1      | Reached skill level 1 in Conjurations
   885 | D:1      | Reached XP level 2. HP: 21/21 MP: 6/6
   900 | D:1      | Reached skill level 2 in Conjurations
  1829 | D:2      | Reached XP level 3. HP: 27/27 MP: 7/7
  1887 | D:2      | Reached skill level 3 in Conjurations
  1933 | D:2      | Found a runed translucent door.
  1934 | D:2      | Noticed Crazy Yiuf
  2335 | D:2      | Killed Crazy Yiuf
  2335 | D:2      | Reached XP level 4. HP: 35/35 MP: 8/8
  2397 | D:3      | Noticed Sigmund
  2406 | D:3      | Killed Sigmund
  2406 | D:3      | Reached skill level 5 in Conjurations
  2406 | D:3      | Reached XP level 5. HP: 32/40 MP: 9/9
  2410 | D:3      | Learned a level 2 spell: Call Imp
  2579 | D:3      | Found a broken altar of Ashenzari.
  2724 | D:3      | Reached skill level 1 in Summonings
  2919 | D:3      | Learned a level 3 spell: Mephitic Cloud
  2928 | D:3      | Noticed Robin
  2942 | D:3      | Killed Robin
  2972 | D:3      | Reached XP level 6. HP: 39/48 MP: 10/10
  3212 | D:3      | Learned a level 2 spell: Blink
  3216 | D:3      | Learned a level 3 spell: Conjure Flame
  3307 | D:3      | Reached skill level 1 in Poison Magic
  4264 | D:4      | Found a staircase to the Ecumenical Temple.
  4302 | Temple   | Entered the Ecumenical Temple
  4360 | Temple   | Became a worshipper of Warmaster Okawaru
  4406 | D:4      | Reached skill level 1 in Air Magic
  4634 | D:4      | Reached XP level 7. HP: 53/53 MP: 2/11
  4725 | D:4      | Found a glowing golden altar of the Shining One.
  4769 | D:4      | Reached skill level 1 in Fighting
  5384 | D:4      | Found a hide-covered altar of Uskayaw.
  5926 | D:5      | Entered Level 5 of the Dungeon
  6859 | D:5      | Found a snail-covered altar of Cheibriados.
  6886 | D:5      | Found a burning altar of Makhleb.
  7006 | D:5      | Slain by an iguana

Illustrated notes

Levels and vault maps discovered:
D:1:      dpeg_arrival_leaves_temple_mockup, layout_basic,
          minmay_misc_feat_tiny, nrook_mini_backslash
D:2:      layout_basic, kennysheep_generic_room_3, uniq_crazy_yiuf_cottage
D:3:      layout_basic, old_standard_altar, st_stairs_13, uniq_sigmund,
          uniq_robin
D:4:      layout_cave_pools, tso_metal_star, kennysheep_mini_moat,
          minmay_temple_entry_glass, chequers_serial_rivers_room_a
D:5:      layout_gridville, kennysheep_slug_shrine, bloody_makhleb
Temple:   nicolae_temple_x_marks_the_god

Skill      XL: |  1  2  3  4  5  6  7 |
---------------+----------------------+-----
Conjurations   | 1 2 3 5 |  5.2
Summonings     | 1 |  1.1
Poison Magic   | 2 |  2.3
Air Magic      | 2 |  2.6
Fighting       | 4 |  4.0
Dodging        | |  1.5
Stealth        | |  1.2
Spellcasting   | |  3.2
Translocations | |  1.0

Action                   |  1- 3 |  4- 6 |  7- 9 || total
-------------------------+-------+-------+-------++-------
Melee: Dagger            |    79 |   172 |    99 ||   350
       Short sword       |    27 |       |       ||    27
       Tailslap          |    11 |    18 |    11 ||    40
 Cast: Magic Dart        |     8 |     3 |    20 ||    31
       Mephitic Cloud    |       |     4 |     4 ||     8
       Call Imp          |       |     1 |    10 ||    11
Evoke: Wand              |     1 |     3 |       ||     4
  Use: Scroll            |       |       |     9 ||     9
 Stab: Sleeping          |     8 |     3 |     2 ||    13
       Confused          |       |     1 |       ||     1
Armor: Robe              |    27 |    48 |    20 ||    95
Dodge: Dodged            |    54 |   127 |    59 ||   240

Table legend: (Time is in decaauts)
 A = Elapsed time spent in this place.
 B = Non-inter-level travel time spent in this place.
 C = Inter-level travel time spent in this place.
 D = Time resting spent in this place.
 E = Time spent auto-exploring this place.
 F = Levels seen in this place.
 G = Mean time per level.
                   A        B        C        D        E       F      G
               +--------+--------+--------+--------+--------+-----+--------+
         Total |   7017 |   6823 |    194 |   2006 |   3716 |   6 | 1169.5 |
       Dungeon |   6954 |   6764 |    190 |   2006 |   3668 |   5 | 1390.8 |
        Temple |     62 |     58 |      4 |      0 |     48 |   1 |   62.0 |
               +--------+--------+--------+--------+--------+-----+--------+

Top non-repeatable levels by time:
     D:3: 1988 daAuts
     D:4: 1943 daAuts
     D:1: 1700 daAuts
     D:2: 679 daAuts
     D:5: 642 daAuts
  Temple: 62 daAuts
